 Dungeon Crawl Stone Soup version 0.16-a0-2970-ge3807df (webtiles) character file.

478 Kemay the Ducker (level 7, -6/43 HPs)
             Began as an Octopode Transmuter on Dec 5, 2014.
             Mangled by an ogre
             ... wielding a +0 giant club
              (10 damage)
             ... on level 4 of the Dungeon.
             The game lasted 00:14:02 (3982 turns).

Kemay the Ducker (Octopode Transmuter)              Turns: 3982, Time: 00:14:02

Health: -6/43      AC:  7    Str: 10    XL:     7   Next: 11%
Magic:  11/12      EV: 16    Int: 15    God:
Gold:   165        SH:  0    Dex: 14    Spells: 1 memorised, 9 levels left

rFire  . . .     SeeInvis .     g - +2 mace (protect)
rCold  . . .     Clarity  .     (no shield)
rNeg   . . .     SustAb   .     c - +1 hat
rPois  .         Gourm    .     (no amulet)
rElec  .         Spirit   .     (no ring)
rCorr  .         Warding  .     (no ring)
rMut   .         Stasis   .     (no ring)
MR     .....                    (no ring)
Stlth  ++........               (no ring)
                                (no ring)
                                (no ring)
                                (no ring)

@: appendage (expiring), very slightly contaminated, not resistant to hostile
enchantments, unstealthy
A: almost no armour, amphibious, 8 rings, constrict 8, tentacle spike 3,
camouflage 1, gelatinous body 1
a: End Transformation


You were on level 4 of the Dungeon.
You were not hungry.
One of your tentacles had a temporary spike.
You visited 1 branch of the dungeon, and saw 4 of its levels.

You collected 165 gold pieces.

Inventory:

Hand weapons
 g - a +2 mace of protection (weapon)
 j - a +0 dagger of holy wrath
Armour
 c - a +1 hat (worn)
Magical devices
 l - a wand of magic darts (13)
Scrolls
 b - a scroll of amnesia
 h - 2 scrolls of teleportation
 n - 2 scrolls of remove curse
Potions
 e - 2 potions of brilliance
 f - a potion of agility
 k - a potion of heal wounds
 p - a potion of cancellation
 q - a potion of restore abilities
Books
 d - a book of Changes

   Spells                             Type                      Level
   a - Beastly Appendage              Transmutation                1
   b - Sticks to Snakes               Transmutation                2
   c - Spider Form                    Transmutation/Poison         3
   d - Ice Form                       Ice/Transmutation            4
   e - Blade Hands                    Transmutation                5
Comestibles
 a - 4 bread rations
 i - 2 beef jerkies
 m - a meat ration
 o - 2 chunks of flesh


   Skills:
 - Level 1.0 Fighting
 + Level 7.0 Dodging
 - Level 4.0 Unarmed Combat
 - Level 2.0 Spellcasting
 - Level 2.0 Transmutations


You had 9 spell levels left.
You knew the following spells:

 Your Spells              Type           Power        Failure   Level  Hunger
a - Beastly Appendage     Trmt           #.....       12%         1    #......


Dungeon Overview and Level Annotations

Branches:
Dungeon (4/15)
 Temple: D:4-7

Altars:

Shops:
D:4 =


Innate Abilities, Weirdness & Mutations

You cannot wear most types of armour.
You are amphibious.
You can wear up to eight rings at the same time.
You can use your tentacles to constrict many enemies at once.
Your skin changes colour to match your surroundings (Stealth).
Your rubbery body absorbs attacks (AC +1).
One of your tentacles bears a large vicious spike.


Message History

Your transformation is almost over.
You constrict the bat. The bat closely misses you. The bat misses you.
The bat misses you.
You hit the bat.
You kill the bat!
You hit the ogre but do no damage.
You pierce the ogre.
You squeeze the ogre, but do no damage.
The ogre is lightly wounded.
The ogre misses you. The ogre barely misses you.
You sock the ogre!
The ogre is moderately wounded.
The ogre hits you with a giant club!!
You hit the ogre.
The ogre is heavily wounded.
The ogre hits you with a giant club!!
* * * LOW HITPOINT WARNING * * *
You hit the ogre.
Your tentacle spike misses the ogre.
The ogre is heavily wounded.
The ogre hits you with a giant club!
You die...

#...### #.##.##### ##.##
#.##.# #.# #.##.#####
##.#########?........
#...).........#.#####
#..[.#######.##.# #.##.#
#.##.## #.##O# #>....#
#.##@### ####..# #......#
#..####
#####..#.#.########......
#).....................##
#####.###..#.#.##.#.###.##.#
#.....# #......##.#.# #.##.#
#.##### #.##.####.#.# #.##.#
#.# #.#...###.#(###.##.#
#.### #.#.#.........#.##.#


You could see an ogre.

Vanquished Creatures
  2 ogres (D:4)
  A hound (D:3)
  4 worker ants (D:4)
  9 adders
  4 worms
  2 giant geckos (D:1)
  3 oozes
  2 orcs
  A ball python (D:1)
  3 giant cockroaches (D:1)
  8 goblins
  11 hobgoblins
  A quokka (D:2)
  15 bats
  A giant gecko skeleton (D:4)
  3 giant newts
  A jackal skeleton (D:4)
  11 kobolds
  4 rats
86 creatures vanquished.

Notes
Turn   | Place    | Note
--------------------------------------------------------------
     0 | D:1      | Kemay, the Octopode Transmuter, began the quest for the Orb.
     0 | D:1      | Reached XP level 1. HP: 13/13 MP: 3/3
   327 | D:1      | Reached XP level 2. HP: 18/18 MP: 2/4
   660 | D:1      | Reached XP level 3. HP: 23/23 MP: 4/6
  1131 | D:2      | Reached skill level 4 in Unarmed Combat
  1240 | D:2      | Reached XP level 4. HP: 28/28 MP: 5/7
  1979 | D:3      | Reached XP level 5. HP: 31/33 MP: 7/9
  2605 | D:4      | Reached skill level 5 in Dodging
  2943 | D:4      | Reached XP level 6. HP: 28/38 MP: 10/10
  3043 | D:4      | Found Katiazie's Jewellery Emporium.
  3109 | D:4      | Noticed an ogre
  3130 | D:4      | Killed an ogre
  3130 | D:4      | Reached skill level 6 in Dodging
  3809 | D:4      | Noticed an ogre
  3813 | D:4      | Reached XP level 7. HP: 24/43 MP: 12/12
  3915 | D:3      | Reached skill level 7 in Dodging
  3982 | D:4      | Mangled by an ogre

Action                   |  1- 3 |  4- 6 |  7- 9 || total
-------------------------+-------+-------+-------++-------
Melee: Unarmed           |    28 |       |       ||    28
       Mace              |    52 |   118 |    10 ||   180
 Cast: Beastly Appendage |    20 |    29 |     2 ||    51
 Abil: End Transformatio |     3 |     5 |     1 ||     9
Evoke: Wand              |       |     8 |       ||     8
  Use: Scroll            |     4 |    10 |       ||    14
 Stab: Sleeping          |     3 |     5 |       ||     8
  Eat: Chunk             |     2 |     8 |     1 ||    11
